 Dungeon Crawl Stone Soup version 0.25-a0-474-ga8a2ee3166 (webtiles) character file.

Game seed: 12899962270972133609, levelgen mode: deterministic

37 kae the Chiller (level 3, -11/24 HPs)
             Began as a Merfolk Ice Elementalist on Feb 8, 2020.
             Killed from afar by a bat (32 damage)
             ... with an exploding inner flame
             ... hexed by the player character
             ... on level 2 of the Dungeon.
             The game lasted 00:01:17 (1004 turns).

kae the Chiller (Merfolk Ice Elementalist)          Turns: 1004, Time: 00:01:18

Health: -11/24     AC:  2    Str:  8    XL:     3   Next: 41%
Magic:  6/6        EV: 13    Int: 14    God:
Gold:   49         SH:  0    Dex: 15    Spells: 6/7 levels left

rFire    . . .     SeeInvis .   h - +0 spear
rCold    . . .     Gourm    .   (no shield)
rNeg     . . .     Faith    .   a - +0 robe
rPois    .         Spirit   .   (no helmet)
rElec    .         Reflect  .   (no cloak)
rCorr    .         Harm     .   (no gloves)
MR       .....                  (no boots)
Stlth    ++........             (no amulet)
HPRegen  0.08/turn              (no ring)
MPRegen  0.10/turn              (no ring)

@: no status effects
A: change form in water, swift swim, stealthy swim
a: no special abilities


You were on level 2 of the Dungeon.
You were hungry.

You visited 1 branch of the dungeon, and saw 2 of its levels.

You collected 49 gold pieces.

Inventory:

Hand Weapons
 h - a +0 spear (weapon)
Armour
 a - a +0 robe (worn)
Scrolls
 g - a scroll of teleportation {unknown}
 j - a scroll of enchant armour {unknown}
 k - a scroll of amnesia {unknown}
 m - a scroll of fear {unknown}
Potions
 b - a potion of curing {unknown}
 e - a potion of heal wounds {unknown}
 f - a potion of resistance {unknown}
 l - 2 potions of agility {unknown}
 n - a potion of magic {unknown}
Comestibles
 c - 4 rations


   Skills:
 - Level 2.6 Dodging
 - Level 2.1 Stealth
 + Level 2.5 Spellcasting
 * Level 5.2 Ice Magic


You had 6 spell levels left.
You knew the following spells:

 Your Spells              Type           Power        Failure   Level  Hunger
a - Freeze                Ice            ###.         2%          1    #......

Your spell library contained the following spells:

 Spells                   Type           Power        Failure   Level  Hunger
 Frozen Ramparts          Ice            ###...       8%          3    ###....
 Ozocubu's Armour         Chrm/Ice       #.......     22%         3    ###....
 Hailstorm                Conj/Ice       #.......     58%         4    #####..
 Summon Ice Beast         Ice/Summ       #.......     58%         4    #####..


Dungeon Overview and Level Annotations

Branches:
Dungeon (2/15)

Altars:


Message History

(D) Dungeon
Where to? (Enter - D:2, ? - help)
There is a stone staircase leading down here.
You climb downwards.
A bat and a kobold come into view.
The kobold shouts!
You hear a shout!
Found an inky potion and 18 bolts.
There is a stone staircase leading up here.
As you read the scroll labeled ENWUDD YKOUHE, it crumbles to dust.
The creatures around you are filled with an inner flame!
It was a scroll of immolation.
The kobold throws a stone.
The stone barely misses you.
Found a scroll labeled EJINUYS VEYDGH.
You hit the bat.
Flame seeps out of the bat.
The bat is severely wounded.
The bat is engulfed in blazing flames.
The bat explodes!
The fiery explosion engulfs you!!
Ouch! That really hurt!
You die...

+#.###### .
.......§#+#....
....###@○§.....
!...?...§§.....
...............
.......####....
....... .(..
....K.. ...
....... ..
.......


You could see a kobold (inner flame).

Vanquished Creatures
  An ooze (D:1)
  2 dart slugs (D:1)
  2 leopard geckos (D:1)
  A ball python (D:1)
  A giant cockroach (D:1)
  3 goblins (D:1)
  3 hobgoblins (D:1)
  4 bats (D:1)
  2 frilled lizards (D:1)
  3 kobolds (D:1)
  5 rats (D:1)
27 creatures vanquished.

Notes
Turn   | Place    | Note
-------+----------+-------------------------------------------
     0 | D:1      | kae the Merfolk Ice Elementalist began the quest for the
                  | Orb.
     0 | D:1      | Reached XP level 1. HP: 13/13 MP: 3/3
   293 | D:1      | Reached XP level 2. HP: 15/19 MP: 3/5
   592 | D:1      | Reached skill level 5 in Ice Magic
   831 | D:1      | Reached XP level 3. HP: 23/24 MP: 6/6
  1004 | D:2      | Killed from afar by a bat

Levels and vault maps discovered:
D:1:      psy_arrival_radial02, layout_loops_ring, minmay_tromino_v4_c
D:2:      layout_basic, lemuel_crystal_altar, lemuel_crystal_altar,
          grunt_gozag_statues, first_ration, chequers_ecumenical_altar_simple,
          uniq_crazy_yiuf_cottage

Skill      XL: |  1  2 |
---------------+-------+-----
Ice Magic      | 5 |  5.2
Dodging        | |  2.6
Stealth        | |  2.1
Spellcasting   | |  2.5

Action                   || total
-------------------------++-------
Melee: Spear             ||    74
       Unarmed           ||     4
 Cast: Freeze            ||    11
  Use: Scroll            ||     1
 Stab: Sleeping          ||     7
Armor: Robe              ||    11
Dodge: Dodged            ||    48

Table legend:
 A = Non-vault XP
 B = Vault XP
 C = Vault XP percentage of total XP
 D = Non-vault monster count
 E = Vault monster count
 F = Vault count percentage of total count
                 A         B        C        D         E       F
            +---------+---------+-------+---------+---------+-------
      Total |      52 |       2 |   3.7 |      25 |       2 |   7.4
            +---------+---------+-------+---------+---------+-------
        D:1 |      52 |       2 |   3.7 |      25 |       2 |   7.4
            +---------+---------+-------+---------+---------+-------
